 Dungeon Crawl Stone Soup version 0.26.1-2-gb8aa6d0cf2 (webtiles) character file.

Game seed: 15146085458765019047

105 hawla the Conjurer (level 4, 0/35 HPs)
             Began as a Draconian Conjurer on Feb 24, 2021.
             Slain by an orc
             ... wielding a +0 mace
              (10 damage)
             ... on level 2 of the Dungeon.
             The game lasted 00:07:00 (2543 turns).

hawla the Conjurer (Draconian Conjurer)             Turns: 2543, Time: 00:07:01

Health: 0/35       AC:  6    Str:  7 (10) XL:     4   Next: 54%
Magic:  4/17       EV: 12    Int: 17 (19) God:
Gold:   99         SH:  0    Dex: 13 (15) Spells: 1/8 levels left

rFire    . . .     SeeInvis .   l - +3 dagger (freeze)
rCold    . . .     Faith    .   (no shield)
rNeg     . . .     Spirit   .   (armour unavailable)
rPois    .         Reflect  .   (helmet restricted)
rElec    .         Harm     .   (no cloak)
rCorr    .         Rampage  .   i - +0 pair of gloves
Will     .....                  (no boots)
Stlth    ++........             (no amulet)
HPRegen  0.11/turn              g - +6 ring of dexterity
MPRegen  0.15/turn              m - ring of magical power

@: very slightly contaminated
A: unfitting armour, cold-blooded, AC +5
a: no special abilities


You were on level 2 of the Dungeon.
You visited 1 branch of the dungeon, and saw 3 of its levels.

You collected 99 gold pieces.

Inventory:

Hand Weapons
 l - a +3 dagger of freezing (weapon)
Armour
 i - a +0 pair of gloves (worn)
Jewellery
 g - a +6 ring of dexterity (left hand)
 m - a ring of magical power (right hand)
Scrolls
 c - a scroll of enchant weapon
 d - 3 scrolls of identify
 f - a scroll of teleportation {unknown}
 h - a scroll of remove curse
Potions
 a - 2 potions of degeneration
 b - a potion of lignification


   Skills:
 - Level 1.0 Fighting
 - Level 2.0 Dodging
 - Level 2.0 Stealth
 + Level 2.6 Spellcasting
 + Level 4.5 Conjurations
 - Level 1.0 Necromancy
 + Level 1.7 Translocations
 - Level 1.0 Transmutations


You had one spell level left.
You knew the following spells:

 Your Spells              Type           Power        Failure   Level
a - Magic Dart            Conj           68%          2%          1
b - Searing Ray           Conj           34%          4%          2
c - Iskenderun's Mystic   Conj/Tloc      12%          45%         4

Your spell library contained the following spells:

 Spells                   Type           Power        Failure   Level
 Dazzling Flash           Conj/Hex       18%          22%         3
 Fulminant Prism          Conj/Hex       4%           56%         4


Dungeon Overview and Level Annotations

Branches:
Dungeon (3/15)

Altars:


Innate Abilities, Weirdness & Mutations

Your plain brown scales are hard. (AC +5)
You cannot fit into any form of body armour.
You are cold-blooded and may be slowed by cold attacks.


Message History

The adder closely misses you. The adder bites you but does no damage.
You feel your intelligence returning.
The searing ray hits the orc!
You kill the orc!
The searing ray hits the quokka!
You kill the quokka!
The searing ray misses the bat.
The orc completely misses you. The adder bites you but does no damage.
The bat hits you.
The searing ray hits the bat!
You kill the bat!
You finish channeling your searing ray.
You are no longer locked in place.
The adder misses you. The orc hits you with a +0 mace.
* * * LOW HITPOINT WARNING * * *
The adder closely misses you.
You climb upwards.
There is a stone staircase leading down here.
The adder misses you. The orc hits you with a +0 mace!
You die...

.......#.#........#..........####
.................................
.....#............#............##
.....#.#..........####(#####.#.#
.......................# ##.#.##
.....#.......#......#######......
##......#.........#..........#...
..................##.)......#####
##..............@.##........#
##.............o..##........#
.#.....÷.......>S.##........#
...#........?.....#########.#####
#...........#.....# #.#....
##.########.......### ###.#....
.......># ##........#####...#....
........# ##..[.................
........# ###[##...#....###†...


You could see an adder and an orc.

Vanquished Creatures
  An orc wizard (D:3)
  A gnoll (D:1)
  2 adders (D:2)
  2 worms (D:2)
  2 dart slugs (D:1)
  2 leopard geckos
  3 orcs
  A giant cockroach (D:1)
  3 goblins
  4 hobgoblins (D:1)
  A quokka (D:3)
  3 ball pythons
  4 bats
  5 frilled lizards
  4 kobolds
  8 rats
46 creatures vanquished.

Vanquished Creatures (others)
  A plant (D:1)
1 creature vanquished.

Grand Total: 47 creatures vanquished

Notes
Turn   | Place    | Note
-------+----------+-------------------------------------------
     0 | D:1      | hawla the Draconian Conjurer began the quest for the Orb.
     0 | D:1      | Reached XP level 1. HP: 14/14 MP: 3/3
   180 | D:1      | Reached XP level 2. HP: 8/22 MP: 0/5
   185 | D:1      | Learned a level 2 spell: Searing Ray
  1052 | D:1      | Reached skill level 1 in Fighting
  1052 | D:1      | Reached XP level 3. HP: 27/28 MP: 6/6
  1782 | D:2      | Reached skill level 1 in Translocations
  1782 | D:2      | Reached skill level 1 in Transmutations
  1923 | D:2      | Reached skill level 1 in Necromancy
  2034 | D:2      | Reached XP level 4. HP: 35/35 MP: 7/7
  2039 | D:2      | Learned a level 4 spell: Iskenderun's Mystic Blast
  2543 | D:2      | Slain by an orc

Illustrated notes

Levels and vault maps discovered:
D:1:      sevenhm_arrival_forest_fort_large_1, layout_basic, serial_bayou_pond_b
D:2:      layout_rooms
D:3:      layout_rooms, lemuel_coloured_pillars_altar,
          gammafunk_ghost_nasty_kobolds

Skill      XL: |  1  2  3 |
---------------+----------+-----
Stealth        | 2 |  2.0
Dodging        | 2 |  2.0
Fighting       | 1 |  1.0
Translocations | 1 |  1.7
Transmutations | 1 |  1.0
Necromancy     | 1 |  1.0
Spellcasting   | |  2.6
Conjurations   | |  4.5

Action                   |  1- 3 |  4- 6 || total
-------------------------+-------+-------++-------
Melee: Unarmed           |    20 |       ||    20
       Tailslap          |     4 |       ||     4
       Dagger            |    18 |     5 ||    23
 Cast: Magic Dart        |    25 |     1 ||    26
       Searing Ray       |    18 |     2 ||    20
  Use: Scroll            |     6 |       ||     6
       Potion            |       |     3 ||     3
 Stab: Sleeping          |     1 |       ||     1
Armor: Skin              |    11 |     5 ||    16
Dodge: Dodged            |    34 |    16 ||    50
